 Dungeon Sprint DCSS version 0.21.2 (webtiles) character file.

8900000 Fang the Axe Maniac (level 27, -12/314 (323) HPs)
             Began as a Demonspawn Gladiator on Jan 10, 2019.
             Was the Champion of Makhleb.
             Mangled by a bag of meat
             ... wielding a +9 war axe
              (27 damage)
             ... in the Dungeon (Sprint VIII: "Arena of Blood").
             The game lasted 00:02:04 (89 turns).

Fang the Axe Maniac (Demonspawn Gladiator)            Turns: 89, Time: 00:02:05

HP:   -12/314 (323) AC:  6    Str: 24    XL:     27
MP:   33/54         EV: 32    Int: 12    God:    Makhleb [******]
Gold: 0             SH:  0    Dex: 16    Spells: 80/80 levels left

rFire    + . .     SeeInvis .   l - +∞ Axe of Woe
rCold    . . .     Gourm    .   (shield currently unavailable)
rNeg     . . .     Faith    .   b - +0 leather armour
rPois    .         Spirit   .   (helmet unavailable)
rElec    .         Reflect  .   (no cloak)
rCorr    .         Harm     .   (gloves unavailable)
MR       ++...     NoTele   +   (boots unavailable)
Stlth    +++++++++.             (no amulet)
HPRegen  0.62/turn              (no ring)
MPRegen  0.34/turn              (no ring)

@: no status effects
A: claws 3, hooves 3, horns 3, demonic guardian 3, fire resistance 1, ignite
blood, robust 3, flame cloud immunity
a: Minor Destruction, Lesser Servant of Makhleb, Major Destruction, Greater
Servant of Makhleb, Renounce Religion


You were in the Dungeon.
You worshipped Makhleb.
Makhleb was exalted by your worship.
You were not hungry.

You visited 1 branch

Inventory:

Hand Weapons
 a - a +0 war axe
 l - the +∞ Axe of Woe (weapon)
   (You found it in the Dungeon)
Missiles
 d - 3 throwing nets (quivered)
Armour
 b - a +0 leather armour (worn)
 c - a +0 helmet
Scrolls
 k - a scroll of blinking
Potions
 e - a potion of curing
 g - a potion of heal wounds
 h - a potion of haste
 i - 2 potions of magic
 j - a potion of berserk rage
Comestibles
 f - a ration


   Skills:
 O Level 27 Fighting
 O Level 27 Axes
 O Level 27 Throwing
 O Level 27 Armour
 O Level 27 Dodging
 O Level 27 Stealth
 O Level 27 Unarmed Combat
 O Level 27 Spellcasting
 O Level 27 Invocations


You had 80 spell levels left.
You didn't know any spells.

Dungeon Overview and Level Annotations

Branches:
Dungeon (1/1)

Altars:
Makhleb


Innate Abilities, Weirdness & Mutations

You have claws for hands.
You have hooves in place of feet.
You have a pair of large horns on your head.
A powerful demonic guardian rushes to your aid.
Your flesh is heat resistant. (rF+)
Your demonic aura causes spilled blood to erupt in flames.
You are extremely robust. (+30% HP)
You are immune to clouds of flame.


Message History

The eight-headed meat hydra calls on the powers of darkness!
The eight-headed meat hydra convulses!
Your body is wracked with pain!
* * * LOW HITPOINT WARNING * * *
The bag of meat convulses! x2; The meat berserker convulses!
You hear a shout! x6
The sculptor of flesh is engulfed in blazing flames.
Some corpses begin to drag themselves along the ground!
Some corpses meld into an agglomeration of writhing flesh!
Your balrug hits the dread but does no damage.
The dread is engulfed in blazing flames.
The dread calls on the powers of darkness!
The bag of meat convulses!
Your body is wracked with pain!
* * * LOW HITPOINT WARNING * * *
The meat berserker convulses!
The bag of meat convulses!
The eight-headed meat hydra convulses!
You hear a shout!
The destroyer blinks!
The bag of meat is engulfed in blazing flames.
The bag of meat hits you with a +9 war axe!!
You die...

.... #... ...# .#...
#... ...# .
......###... ...###..
.§...§%....###......
...#.§..D%.._......
.#.%..§x§#.))..#
...%..§x§#_)<._#
#§%..oxx#x.x).#...
..#..z@§§§§_x......
.o..2.W2§§)###......
.§..§.###O))....###..
...... #.....%%# .
..V.. #.......# ..§..
...%..%... #.#.
o.......... .#..
..Dz...%...
........%..#


You could see a meat beast, an eight-headed meat hydra, a destroyer, a sculptor
of flesh, a dread, a meat berserker (berserk), a small abomination, 2 bags of
meat, 6 crawling corpses and a friendly balrug.

Vanquished Creatures
  3 hell beasts (D)
  4 greater mummies (D)
  15 vampire knights (D)
  24 ogres (D)
  7 two-headed ogres (D)
  2 liches (D)
  64 orcs (D)
  2 phantoms (D)
  A skeletal warrior (D)
  7 large abominations (D)
  3 small abominations (D)
  8 crawling corpses (D)
140 creatures vanquished.

Vanquished Creatures (others)
  A crawling corpse (D)
1 creature vanquished.

Grand Total: 141 creatures vanquished

Notes
Turn   | Place    | Note
-------+----------+-------------------------------------------
     0 | D        | Found the +∞ Axe of Woe
     0 | D        | Fang the Demonspawn Gladiator began the quest for the Orb.
     0 | D        | Reached XP level 1. HP: 16/16 MP: 1/1
     3 | D        | Noticed a bag of meat
     4 | D        | Became a worshipper of Makhleb the Destroyer
     8 | D        | Noticed a bag of meat
     9 | D        | Noticed a meat berserker
    11 | D        | Noticed a bag of meat
    12 | D        | Killed a meat berserker
    12 | D        | Reached skill level 10 in Throwing
    12 | D        | Gained mutation: You have sharp fingernails. [demonic ancestry]
    12 | D        | Reached XP level 2. HP: 37/37 MP: 2/2
    12 | D        | Gained mutation: You have large cloven feet. [demonic ancestry]
    12 | D        | Reached XP level 3. HP: 43/43 MP: 3/3
    12 | D        | Gained mutation: A weak demonic guardian rushes to your aid. [demonic ancestry]
    12 | D        | Reached XP level 4. HP: 50/50 MP: 4/4
    12 | D        | Reached XP level 5. HP: 56/56 MP: 5/5
    12 | D        | Gained mutation: You have a pair of small horns on your head. [demonic ancestry]
    12 | D        | Reached XP level 6. HP: 62/62 MP: 6/6
    12 | D        | Reached XP level 7. HP: 68/68 MP: 7/7
    12 | D        | Gained mutation: You have hoof-like feet. [demonic ancestry]
    12 | D        | Reached XP level 8. HP: 75/75 MP: 8/8
    12 | D        | Gained mutation: You have a pair of horns on your head. [demonic ancestry]
    12 | D        | Reached XP level 9. HP: 81/81 MP: 9/9
    12 | D        | Gained mutation: You have a pair of large horns on your head. [demonic ancestry]
    12 | D        | Reached XP level 10. HP: 88/88 MP: 10/10
    12 | D        | Gained mutation: Your flesh is heat resistant. (rF+) [demonic ancestry]
    12 | D        | Reached XP level 11. HP: 93/93 MP: 11/11
    12 | D        | Gained mutation: You have very sharp fingernails. [demonic ancestry]
    12 | D        | Reached XP level 12. HP: 100/100 MP: 12/12
    12 | D        | Gained mutation: You have claws for hands. [demonic ancestry]
    12 | D        | Reached XP level 13. HP: 106/106 MP: 13/13
    13 | D        | Noticed a meat berserker
    13 | D        | Noticed a bag of meat
    13 | D        | Noticed a bag of meat
    14 | D        | Noticed a bag of meat
    14 | D        | Killed a bag of meat
    14 | D        | Reached * piety under Makhleb
    15 | D        | Killed a bag of meat
    15 | D        | Reached XP level 14. HP: 77/118 MP: 14/14
    15 | D        | Noticed a bag of meat
    16 | D        | Noticed a bag of meat
    16 | D        | Killed a meat berserker
    16 | D        | Reached skill level 15 in Fighting
    16 | D        | Gained mutation: You have hooves in place of feet. [demonic ancestry]
    16 | D        | Reached XP level 15. HP: 9/129 MP: 15/15
    17 | D        | Reached ** piety under Makhleb
    19 | D        | Gained mutation: You are immune to clouds of flame. [demonic ancestry]
    19 | D        | Reached XP level 16. HP: 69/141 MP: 16/16
    19 | D        | Reached *** piety under Makhleb
    19 | D        | Reached skill level 27 in Axes
    19 | D        | Reached skill level 15 in Throwing
    22 | D        | Reached skill level 1 in Armour
    22 | D        | Reached skill level 27 in Dodging
    23 | D        | Noticed a large bag of meat
    23 | D        | Noticed a large bag of meat
    23 | D        | Noticed a meat berserker
    24 | D        | Noticed a meat berserker
    24 | D        | Noticed a meat berserker
    24 | D        | Noticed a destroyer
    24 | D        | Gained mutation: A demonic guardian rushes to your aid. [demonic ancestry]
    24 | D        | Reached XP level 17. HP: 138/162 MP: 17/17
    25 | D        | Noticed a meat berserker
    25 | D        | Reached **** piety under Makhleb
    26 | D        | Killed a destroyer
    26 | D        | Reached skill level 27 in Fighting
    26 | D        | Reached XP level 18. HP: 182/182 MP: 18/18
    26 | D        | Reached skill level 27 in Throwing
    27 | D        | Noticed a meat berserker
    27 | D        | Reached ***** piety under Makhleb
    28 | D        | Killed a meat berserker
    28 | D        | Gained mutation: You are robust. (+10% HP) [demonic ancestry]
    28 | D        | Reached XP level 19. HP: 182/207 MP: 19/19
    28 | D        | Killed a meat berserker
    28 | D        | Reached skill level 27 in Armour
    28 | D        | Reached skill level 10 in Invocations
    29 | D        | Reached skill level 10 in Unarmed Combat
    29 | D        | Reached skill level 10 in Spellcasting
    30 | D        | Noticed a large bag of meat
    30 | D        | Noticed a large bag of meat
    30 | D        | Gained mutation: You are very robust. (+20% HP) [demonic ancestry]
    30 | D        | Reached XP level 20. HP: 207/236 MP: 19/36
    31 | D        | Noticed a meat berserker
    31 | D        | Killed a meat berserker
    31 | D        | Reached ****** piety under Makhleb
    32 | D        | Killed a meat berserker
    33 | D        | Noticed a meat berserker
    33 | D        | Killed a meat berserker
    33 | D        | Reached XP level 21. HP: 244/244 MP: 19/44
    33 | D        | Killed a large bag of meat
    33 | D        | Reached skill level 27 in Invocations
    34 | D        | Killed a large bag of meat
    34 | D        | Reached XP level 22. HP: 254/254 MP: 20/50
    35 | D        | Reached skill level 27 in Stealth
    36 | D        | Noticed a destroyer
    36 | D        | Killed a large bag of meat
    36 | D        | Reached skill level 27 in Unarmed Combat
    36 | D        | Reached skill level 27 in Spellcasting
    37 | D        | Reached XP level 23. HP: 262/262 MP: 20/54
    38 | D        | Noticed a destroyer
    39 | D        | Killed a destroyer
    40 | D        | Noticed a destroyer
    40 | D        | Noticed a destroyer
    40 | D        | Gained mutation: Your demonic aura causes spilled blood to erupt in flames. [demonic ancestry]
    40 | D        | Reached XP level 24. HP: 272/272 MP: 21/54
    41 | D        | Noticed a destroyer
    41 | D        | Killed a destroyer
    41 | D        | Noticed a destroyer
    43 | D        | Gained mutation: You are extremely robust. (+30% HP) [demonic ancestry]
    43 | D        | Reached XP level 25. HP: 272/304 MP: 22/54
    44 | D        | Noticed a destroyer
    45 | D        | Killed a large bag of meat
    45 | D        | Killed a destroyer
    46 | D        | Noticed a destroyer
    46 | D        | Noticed a destroyer
    47 | D        | Killed a destroyer
    47 | D        | Reached XP level 26. HP: 303/314 MP: 23/54
    50 | D        | Killed a destroyer
    50 | D        | Gained mutation: A powerful demonic guardian rushes to your aid. [demonic ancestry]
    50 | D        | Reached XP level 27. HP: 323/323 MP: 24/54
    51 | D        | Killed a destroyer
    53 | D        | Noticed an accursed
    54 | D        | Noticed an accursed
    54 | D        | Killed a destroyer
    54 | D        | Killed a destroyer
    55 | D        | Noticed an accursed
    55 | D        | Noticed a destroyer
    56 | D        | Noticed a destroyer
    57 | D        | Noticed an accursed
    57 | D        | Noticed a destroyer
    57 | D        | Noticed a tyrant
    57 | D        | Killed a destroyer
    58 | D        | Noticed a tyrant
    60 | D        | Noticed a destroyer
    61 | D        | Noticed a destroyer
    63 | D        | Killed a destroyer
    64 | D        | Noticed a meat beast
    65 | D        | Noticed a large bag of meat
    65 | D        | Killed a destroyer
    66 | D        | Noticed a large bag of meat
    66 | D        | Killed a meat beast
    70 | D        | Killed a tyrant
    71 | D        | Killed a destroyer
    71 | D        | Killed a tyrant
    72 | D        | Killed an accursed
    72 | D        | Noticed a large bag of meat
    75 | D        | Killed a destroyer
    76 | D        | Killed a large bag of meat
    77 | D        | Noticed a meat beast
    77 | D        | Noticed a meat beast
    78 | D        | Killed an accursed
    80 | D        | Killed an accursed
    80 | D        | Killed a meat beast
    82 | D        | Killed a large bag of meat
    83 | D        | Killed a destroyer
    84 | D        | Noticed a dread
    85 | D        | Killed a large bag of meat
    86 | D        | Killed a meat beast
    87 | D        | Noticed a meat beast
    87 | D        | Noticed a destroyer
    87 | D        | Killed an accursed
    89 | D        | HP: 15/314 [??? (12)]
    89 | D        | Mangled by a bag of meat

Skill      XL: |  1  2  3  4  5  6  7  8  9 10 11 12 13 14 15 16 17 18 19 20 21 22 |
---------------+-------------------------------------------------------------------+-----
Fighting       | 11 13 15 17 22 27 | 27.0
Axes           | 19 22 24 26 27 | 27.0
Throwing       | 10 12 13 14 18 23 27 | 27.0
Dodging        | 18 21 23 25 27 | 27.0
Armour         | 3 7 22 27 | 27.0
Stealth        | 13 21 26 27 | 27.0
Unarmed Combat | 12 19 24 27 | 27.0
Spellcasting   | 12 19 24 27 | 27.0
Invocations    | 16 26 27 | 27.0

Action                   |  1- 3 |  4- 6 |  7- 9 | 10-12 | 13-15 | 16-18 | 19-21 | 22-24 | 25-27 || total
-------------------------+-------+-------+-------+-------+-------+-------+-------+-------+-------++-------
Melee: Executioner's axe |     1 |       |       |       |     5 |     6 |     6 |     9 |    40 ||    67
 Stab: Distracted        |       |       |       |       |       |       |       |       |     1 ||     1
Dodge: Dodged            |       |       |       |       |       |     1 |       |       |       ||     1
